 Dungeon Crawl Stone Soup version 0.30-b1-2-g02819fbbbe (webtiles) character file.

Game seed: 15421215277180164258

207 Metae the Covered (level 5, -1/47 HPs)
             Began as a Minotaur Fighter on July 6, 2023.
             Slain by Pikel
             ... wielding a +1 whip of freezing
              (3 damage)
             ... on level 4 of the Dungeon.
             The game lasted 00:07:00 (2032 turns).

Metae the Covered (Minotaur Fighter)                Turns: 2032, Time: 00:07:00

Health: -1/47      AC: 13    Str: 22    XL:     5   Next: 54%
Magic:  4/4        EV:  8    Int:  5    God:
Gold:   19         SH:  4    Dex: 10    Spells: 4/4 levels left

rFire   . . .        a - +0 war axe
rCold   . . .        c - +0 buckler
rNeg    . . .        s - +0 chain mail
rPois   .            (helmet restricted)
rElec   .            o - scarf {+Inv}
rCorr   .            (no gloves)
SInv    +            (no boots)
Will    .....        (no amulet) Stlth
                     m - +4 ring of protection
HPRegen 0.27/turn    t - ring of see invisible
MPRegen 0.09/turn

%: no passive effects
@: no status effects
A: horns 2, retaliatory headbutt
a: Evoke Invisibility


You were on level 4 of the Dungeon.
You visited 1 branch of the dungeon, and saw 4 of its levels.

You collected 63 gold pieces.
You spent 44 gold pieces at shops.

Inventory:

Hand Weapons
 a - a +0 war axe (weapon)
Armour
 c - a +0 buckler (worn)
 o - a scarf of invisibility (worn)
 s - a +0 chain mail (worn)
Jewellery
 m - a +4 ring of protection (left hand)
 t - a ring of see invisible (right hand)
 w - a ring of protection from fire
Scrolls
 f - a scroll of silence
 g - a scroll of fog {unknown}
 h - 3 scrolls of teleportation
 l - 2 scrolls of blinking
 n - 2 scrolls of immolation {unknown}
 r - a scroll of amnesia {unknown}
 x - a scroll of fear {unknown}
 y - a scroll of noise {unknown}
 z - a scroll of poison {unknown}
Potions
 b - a potion of invisibility {unknown}
 d - 2 potions of might
 e - 2 potions of haste
 i - 2 potions of cancellation {unknown}
 j - 2 potions of degeneration {unknown}
 k - 2 potions of curing {unknown}
 p - 2 potions of brilliance {unknown}
 q - a potion of magic {unknown}
 u - a potion of ambrosia {unknown}
 v - a potion of attraction {unknown}


   Skills:
 + Level 4.7 Fighting
 + Level 3.8 Axes
 + Level 4.7 Armour
 + Level 2.3 Dodging
 + Level 4.7 Shields


You had 4 spell levels left.
You didn't know any spells.
Your spell library contained the following spells:

 Spells                   Type           Power      Damage    Failure   Level
 Lesser Beckoning         Tloc           0%         N/A       99%         2
 Gell's Gravitas          Tloc           0%         N/A       100%        3
 Teleport Other           Tloc           0%         N/A       100%        3


Dungeon Overview and Level Annotations

Branches:
Dungeon (4/15)
 Temple: D:4-7

Altars:
Gozag
Nemelex Xobeh
Xom

Shops:
D:1 ?

Annotations:
D:4 Pikel


Innate Abilities, Weirdness & Mutations

You have a pair of horns on your head.
You reflexively headbutt those who attack you in melee.


Message History

Pikel freezes you. The lemure hits you. The lemure closely misses you.
Pikel says, "You'll rot in Tartarus!"
Pikel completely misses you. You block the lemure's attack.
You hit Pikel but do no damage. You closely miss the lemure. x2
The lemure hits you. Pikel hits you but does no damage.
The lemure barely misses you.
You completely miss Pikel. You barely miss the lemure.
You hit the lemure but do no damage. Pikel hits you but does no damage.
You block the lemure's attack. The lemure closely misses you.
You closely miss Pikel. You hit the lemure. You miss the lemure.
You block Pikel's attack. The lemure hits you but does no damage.
You block the lemure's attack. The lemure hits you but does no damage.
Pikel zaps a wand.
The puff of flame hits you but does no damage.
The lemure barely misses you.
You slash Pikel!
Pikel is moderately wounded.
You hit the lemure. You slash the lemure!
The lemure hits you but does no damage.
Pikel hits you with a +1 whip of freezing.
Pikel freezes you. You block the lemure's attack.
You barely miss Pikel. You headbutt Pikel.
Pikel is moderately wounded.
You closely miss the lemure. You hit the lemure.
You kill the lemure!
That felt strangely unrewarding.
Pikel zaps a wand.
The puff of flame hits you but does no damage.
You hit Pikel but do no damage.
Pikel is moderately wounded.
You barely miss the lemure. You block the lemure's attack.
Pikel zaps a wand.
The puff of flame hits you but does no damage.
Pikel zaps a wand.
The puff of flame hits you!
* * * LOW HITPOINT WARNING * * *
The lemure hits you but does no damage. The lemure hits you.
* * * LOW HITPOINT WARNING * * *
The lemure attacks as you move away! You block the lemure's attack.
Pikel hits you with a +1 whip of freezing.
* * * LOW HITPOINT WARNING * * *
Pikel freezes you.
You die...

..... ....
#..# #..#
#..# #..# .
#..######..#
#.5K.......#
#.55@.####
####.## #.#
#.# #.# ...
... ...


You could see Pikel and 3 lemures.

Vanquished Creatures
  A phantom (D:3)
  A lemure (D:4)
  7 adders
  A worm (D:2)
  2 dart slugs
  10 endoplasms
  3 giant cockroaches
  4 goblins
  3 hobgoblins
  3 jackals (D:3)
  8 kobolds
  A quokka (D:1)
  7 ball pythons
  3 bats
  2 frilled lizards
  7 rats
63 creatures vanquished.

Notes
Turn   | Place    | Note
-------+----------+-------------------------------------------
     0 | D:1      | Metae the Minotaur Fighter began the quest for the Orb.
     0 | D:1      | Reached XP level 1. HP: 19/19 MP: 0/0
    31 | D:1      | Found Nakiaz's Magic Scroll Shop.
   170 | D:1      | Reached XP level 2. HP: 27/27 MP: 1/1
   188 | D:1      | Found a faded altar of an unknown god.
   437 | D:1      | Reached skill level 1 in Dodging
   830 | D:2      | Reached XP level 3. HP: 23/33 MP: 2/2
  1198 | D:2      | Found a shimmering altar of Xom.
  1231 | D:2      | Reached XP level 4. HP: 40/40 MP: 3/3
  1507 | D:1      | Bought a scroll of identify for 22 gold pieces
  1507 | D:1      | Bought a scroll of identify for 22 gold pieces
  1779 | D:3      | Noticed a phantom
  1794 | D:3      | Killed a phantom
  1795 | D:3      | Reached XP level 5. HP: 44/47 MP: 4/4
  1904 | D:3      | Found an opulent altar of Gozag.
  1905 | D:3      | Found a sparkling altar of Nemelex Xobeh.
  2011 | D:4      | Noticed a lemure
  2013 | D:4      | Noticed a lemure
  2015 | D:4      | Noticed Pikel
  2015 | D:4      | Noticed a lemure
  2015 | D:4      | Noticed a lemure
  2029 | D:4      | Killed a lemure
  2032 | D:4      | HP: 2/47 [Pikel/+1 whip of freezing (6)]
  2032 | D:4      | Slain by Pikel

Illustrated notes

Levels and vault maps discovered:
D:1:      nzn_arrival_crosshair, layout_basic,
          dreamdust_ecumenical_altar_angels_and_demons, serial_shops,
          nicolae_shop_tiny_waterfront, minmay_quantized
D:2:      layout_basic, basic_altar, kennysheep_big_empty_room, st_stairs_12,
          minmay_tripent
D:3:      layout_rooms, grunt_temple_overflow_opulence
D:4:      layout_loops_ring, gammafunk_temple_overflow_claw,
          minmay_temple_entry_stoned_glass, uniq_ijyb, uniq_pikel, uniq_natasha

Skill      XL: |  1  2  3  4 |
---------------+-------------+-----
Dodging        | 1 2 |  2.3
Fighting       | 4 |  4.7
Armour         | 4 |  4.7
Shields        | 4 |  4.7
Axes           | 3 |  3.8

Action                     |  1- 3 |  4- 6 || total
---------------------------+-------+-------++-------
  Melee: War axe           |    76 |    68 ||   144
         Headbutt          |     7 |     6 ||    13
    Use: Scroll            |       |     4 ||     4
 Armour: Scale mail        |    34 |       ||    34
         Chain mail        |     4 |    48 ||    52
  Dodge: Dodged            |    34 |    37 ||    71
  Block: Buckler           |    15 |    19 ||    34
